 Dungeon Crawl Stone Soup version 0.14-a0-77-g9a1e883 (webtiles) character file.

172 Malachi the Skirmisher (level 4, 36/36 HPs)
             Began as a Demonspawn Fighter on Oct 1, 2013.
             Got out of the dungeon alive.
             The game lasted 00:02:32 (1804 turns).

Malachi the Skirmisher (Demonspawn Fighter)         Turns: 1804, Time: 00:02:32

HP  36/36        AC 10     Str 18      XL: 4   Next:  0%
MP   3/3         EV  6     Int  9      God:
Gold 105         SH 18     Dex 12      Spells:  0 memorised,  3 levels left

Res.Fire  : . . .   See Invis. : .   a - +0 falchion
Res.Cold  : . . .   Warding    : .   b - +0 scale mail
Life Prot.: . . .   Conserve   : .   c - +0 shield
Res.Poison: .       Res.Corr.  : .   (no helmet)
Res.Elec. : .       Clarity    : .   (no cloak)
Sust.Abil.: . .     Spirit.Shd : .   (no gloves)
Res.Mut.  : .       Stasis     : .   (no boots)
Res.Rott. : .       Flight     : .   (no amulet)
Saprovore : . . .                    (no ring)
                                     (no ring)

@: slightly resistant to hostile enchantments, extremely unstealthy
A: claws 1, spiny 1, AC +4
a: no special abilities


You escaped.
You were very hungry.

You visited 1 branch of the dungeon, and saw 2 of its levels.

You collected 85 gold pieces.

Inventory:

Hand weapons
 a - a +0,+0 falchion (weapon)
Armour
 b - a +0 scale mail (worn)
 c - a +0 shield (worn)
Comestibles
 d - 2 bread rations
 f - a sausage
 n - 2 meat rations
 u - 12 strawberries
Scrolls
 e - a scroll of curse armour {unknown}
 h - a scroll of curse weapon {unknown}
 i - a scroll of curse jewellery {unknown}
 k - 2 scrolls of blinking {unknown}
 m - 2 scrolls of fog {unknown}
 o - a scroll of noise {unknown}
 p - 2 scrolls of identify {unknown}
 r - a scroll of fear {unknown}
 s - a scroll of remove curse {unknown}
 v - a scroll of enchant armour {unknown}
 w - a scroll of enchant weapon II {unknown}
Potions
 g - a potion of slowing {unknown}
 j - a potion of speed {unknown}
 l - a potion of agility {unknown}
 q - a potion of might {unknown}


   Skills:
 + Level 3.5 Fighting
 + Level 2.1 Long Blades
 + Level 3.1 Armour
 + Level 0.8 Dodging
 + Level 3.3 Shields


You had 3 spell levels left.
You didn't know any spells.

Dungeon Overview and Level Annotations

Branches:
Dungeon (2/27)

Altars:
the Shining One


Innate Abilities, Weirdness & Mutations

You have sharp fingernails.
You are partially covered in iridescent scales (AC +4).
You are partially covered in sharp spines.


Message History

You kill the hobgoblin!
You have reached level 4!
Your demonic ancestry asserts itself...
Sharp spines emerge from parts of your body.
You feel stronger.
You see here an orcish club.
You are feeling very hungry.
All of the chunks of flesh in your inventory have completely rotted away.
There is a stone staircase leading up here.
You climb upwards.
There is a stone staircase leading down here.
Unknown command.
Unknown command.
Unknown command.
There is an open door here.
You see here an orcish club.
HP restored.
There is a staircase leading out of the dungeon here.
Are you sure you want to leave the Dungeon?
This will make you lose the game!
You have escaped!

#......###### #####
#......##%..#####...#
#...................#
#.....###...#####...#
###...# ##### ###.# ###.#
#.# #.# #.# #########
######## #.#
........#######8@8#### #.#
#########.##.........##
#.### #.#8.........8# #...#
#.#...........# #...#
#.#8.........8# #...#
##.##...))....## #.###
####..##.....[...# #.#
#####.....######'#########.#
...........................#


There were no monsters in sight!

Vanquished Creatures
  2 adders (D:2)
  A worm (D:2)
  2 giant geckos (D:1)
  An ooze (D:2)
  3 orcs (D:1)
  A giant cockroach (D:2)
  6 goblins
  7 hobgoblins
  8 bats
  4 kobolds
  2 rats (D:2)
37 creatures vanquished.

Notes
Turn   | Place    | Note
--------------------------------------------------------------
     0 | D:1      | Malachi, the Demonspawn Fighter, began the quest for the Orb.
     0 | D:1      | Reached XP level 1. HP: 18/18 MP: 0/0
   554 | D:1      | Gained mutation: You have sharp fingernails. [demonic ancestry]
   554 | D:1      | Reached XP level 2. HP: 22/24 MP: 1/1
  1192 | D:2      | Gained mutation: You are partially covered in iridescent scales (AC +4). [demonic ancestry]
  1192 | D:2      | Reached XP level 3. HP: 30/30 MP: 2/2
  1641 | D:2      | Found a glowing golden altar of the Shining One.
  1754 | D:2      | Gained mutation: You are partially covered in sharp spines. [demonic ancestry]
  1754 | D:2      | Reached XP level 4. HP: 30/36 MP: 3/3
  1804 | D:$      | Got out of the dungeon alive.

Action                   |  1- 3 |  4- 6 || total
-------------------------+-------+-------++-------
Melee: Falchion          |   154 |       ||   154
